 Dungeon Crawl Stone Soup version 0.26-a0-652-gafc20e3620 (webtiles) character file.

Game seed: 5621470970644794819

8725 heikuro the Carver (level 11, -11/86 (87) HPs)
             Began as a Formicid Abyssal Knight on Oct 2, 2020.
             Was a High Priest of Lugonu.
             Mangled by a cyan ugly thing (16 damage)
             ... on level 10 of the Dungeon.
             The game lasted 00:30:42 (16828 turns).

heikuro the Carver (Formicid Abyssal Knight)       Turns: 16828, Time: 00:30:42

HP:   -11/86 (87)   AC: 21    Str: 20    XL:     11   Next: 61%
MP:   17/17         EV:  6    Int: 12    God:    Lugonu [*****.]
Gold: 343           SH:  0    Dex: 10    Spells: 10/10 levels left

rFire    . . .     SeeInvis +   K - +2 short sword (venom)
rCold    . . .     Faith    .   (no shield)
rNeg     . . .     Spirit   .   o - +0 plate armour
rPois    .         Reflect  .   (helmet unavailable)
rElec    .         Harm     .   p - +2 cloak
rCorr    .         Rampage  .   (no gloves)
MR       +....                  (no boots)
Stlth    ..........             (no amulet)
HPRegen  0.24/turn              w - ring of stealth
MPRegen  0.15/turn              A - +4 ring of protection

@: no status effects
A: permanent stasis, dig shafts and tunnels, four strong arms, antennae 3
a: Dig, Shaft Self, Depart the Abyss, Bend Space, Banish, Corrupt, Enter the
Abyss, Renounce Religion


You were on level 10 of the Dungeon.
You worshipped Lugonu.
Lugonu was extremely pleased with you.
You visited 2 branches of the dungeon, and saw 12 of its levels.
You visited the Abyss 1 time.
You also visited: Ossuary.

You collected 679 gold pieces.
You spent 336 gold pieces at shops.

Inventory:

Hand Weapons
 a - a +2 falchion of freezing
 b - a +0 hunting sling of flaming
 K - a +2 short sword of venom (weapon)
Missiles
 c - 31 poisoned darts (quivered)
 u - 3 boomerangs of dispersal
 H - 39 sling bullets
Armour
 o - a +0 plate armour (worn)
 p - a +2 cloak (worn)
 J - a +1 ring mail of cold resistance
Jewellery
 w - a ring of stealth (left hand)
 A - a +4 ring of protection (right hand)
 I - an uncursed ring of wizardry
Wands
 s - a wand of acid (6)
 t - a wand of flame (8)
 x - a wand of paralysis (9)
 C - a wand of disintegration (23)
 D - a wand of random effects (41)
 G - a wand of polymorph (6)
Scrolls
 d - a scroll of enchant weapon
 m - 15 scrolls of identify
 n - 3 scrolls of immolation {unknown}
 q - 2 scrolls of fog {unknown}
 y - a scroll of blinking {unknown}
 z - a scroll of fear {unknown}
 B - a scroll of noise {unknown}
 E - a scroll of amnesia {unknown}
 F - 3 scrolls of magic mapping
 L - a scroll of enchant armour {unknown}
Potions
 e - 4 potions of might
 f - a potion of mutation
 g - 3 potions of lignification
 i - 8 potions of heal wounds
 j - 7 potions of curing
 k - 3 potions of flight
 l - a potion of ambrosia
 r - 2 potions of invisibility
 v - a potion of experience


   Skills:
 + Level 8.6 Fighting
 * Level 10.4 Long Blades
 + Level 7.1 Slings
 + Level 8.2 Armour
 - Level 1.0 Dodging
 + Level 8.8 Invocations


You had 10 spell levels left.
You didn't know any spells.
Your spell library was empty.

Dungeon Overview and Level Annotations

Branches:
Dungeon (11/15)            Temple (1/1) D:4            Lair (0/6) D:8
    Orc (0/2) D:11        Ossuary (visited)

Altars:
Ashenzari
Cheibriados
Dithmenos
Elyvilon
Fedhas
Gozag
Hepliaklqana
Kikubaaqudgha
Makhleb
Nemelex Xobeh
Okawaru
Qazlal
Ru
Sif Muna
Trog
Uskayaw
Vehumet
Wu Jian
Xom
Yredelemnul
Zin
The Shining One

Shops:
D:8 (


Innate Abilities, Weirdness & Mutations

You cannot be hasted, slowed, berserked, paralysed or teleported.
You can dig through walls and to a lower floor.
Your four strong arms can wield two-handed weapons with a shield.
You have a pair of large antennae on your head. (SInv)


Message History

The cyan ugly thing pecks you but does no damage.
You hit the cyan ugly thing but do no damage.
The cyan ugly thing is moderately wounded.
The cyan ugly thing pecks you but does no damage.
You barely miss the cyan ugly thing.
The cyan ugly thing is moderately wounded.
The cyan ugly thing barely misses you.
You hit the cyan ugly thing.
The cyan ugly thing is heavily wounded.
You hit the cyan ugly thing but do no damage.
The cyan ugly thing looks as sick as possible!
The cyan ugly thing is heavily wounded.
The cyan ugly thing pecks you! The cyan ugly thing shocks you!
* * * LOW HITPOINT WARNING * * *
You barely miss the cyan ugly thing.
The cyan ugly thing is heavily wounded.
The cyan ugly thing pecks you!
* * * LOW HITPOINT WARNING * * *
The cyan ugly thing shocks you!
You die...

.....# ##........... .....#
#............ .....#
#............ #..###
#............ #..########
#............ #.........##
#............ #.#######..#
######.......[.... #.#
##.#####.u.........>).... #.#
#......@######...).##... #.#
##.###..## ##.#######.
#.#########.####..######.# #####.
...##.....#..####.#).....# #.....
.....)..>..#........########.####
..............###.#####...#..####
.............## #.....#.###......
..........[..#####......#.....###
..............................###


You could see a cyan ugly thing (extremely poisoned).

Vanquished Creatures
  A two-headed ogre (D:10)
  A troll (D:11)
  A hornet (D:8)
  A hippogriff (D:10)
  Sigmund (D:3)
  A wraith (D:10)
  6 yaks (D:9)
  A human (D:8)
  Duvessa (D:4)
  3 orc warriors
  A black bear (D:9)
  An ice beast (D:8)
  2 sky beasts (D:9)
  3 phantoms
  7 ogres
  A necrophage (D:5)
  6 centaurs
  A crocodile (D:10)
  Blork the orc (D:5)
  A big kobold (D:10)
  5 bullfrogs
  An elf zombie (Ossuary)
  A gnoll sergeant (D:9)
  A wyvern zombie (D:11)
  Dowan (D:4)
  4 scorpions
  13 killer bees
  10 wights
  4 howler monkeys
  3 bullfrog zombies
  4 centaur zombies
  6 hounds
  A jelly (D:10)
  A human zombie (Ossuary)
  2 centaur skeletons
  3 bullfrog skeletons
  An orc priest (D:10)
  3 iguanas
  15 orc wizards
  3 worker ants
  A killer bee zombie (D:6)
  A big kobold zombie (Ossuary)
  A hound zombie (D:5)
  A hound skeleton (D:4)
  2 mummies (Ossuary)
  Robin (D:2)
  7 gnolls
  6 adders
  5 shadow imps
  5 white imps
  An adder zombie (Ossuary)
  An adder skeleton (D:4)
  4 worms
  A dart slug (D:1)
  7 leopard geckos
  35 orcs
  12 bats
  5 giant cockroaches
  12 goblins
  9 hobgoblins
  14 jackals
  5 quokkas
  4 ball pythons
  A ball python skeleton (D:6)
  5 frilled lizards
  2 goblin zombies (Ossuary)
  7 hobgoblin zombies (Ossuary)
  A jackal zombie (Ossuary)
  7 kobolds
  11 kobold zombies (Ossuary)
  10 orc zombies (Ossuary)
  A quokka skeleton (D:5)
  A quokka zombie (D:7)
  A rat (D:2)
  2 rat zombies
312 creatures vanquished.

Vanquished Creatures (others)
  35 plants (D:2)
35 creatures vanquished.

Grand Total: 347 creatures vanquished

Notes
Turn   | Place    | Note
-------+----------+-------------------------------------------
     0 | Abyss:1  | heikuro the Formicid Abyssal Knight began the quest for the
                  | Orb.
     0 | Abyss:1  | Reached XP level 1. HP: 18/18 MP: 2/2
    38 | Abyss:1  | Noticed a wretched star
    39 | D:1      | Escaped the Abyss
    75 | D:1      | Reached skill level 1 in Dodging
   393 | D:1      | Reached XP level 2. HP: 24/24 MP: 3/3
   854 | D:1      | Reached * piety under Lugonu
   947 | D:1      | Reached XP level 3. HP: 29/29 MP: 4/4
  1773 | D:2      | Reached XP level 4. HP: 37/37 MP: 6/6
  1781 | D:2      | Reached skill level 3 in Long Blades
  2455 | D:2      | Reached XP level 5. HP: 40/42 MP: 7/7
  2856 | D:3      | Noticed Sigmund
  2990 | D:3      | Killed Sigmund
  2990 | D:3      | Reached skill level 4 in Long Blades
  2990 | D:3      | Reached XP level 6. HP: 13/49 MP: 8/8
  3296 | D:3      | Found a faded altar of an unknown god.
  3370 | D:3      | Noticed Robin
  3390 | D:3      | Reached ** piety under Lugonu
  3474 | D:2      | Killed Robin
  3670 | D:3      | Reached XP level 7. HP: 51/55 MP: 10/10
  3979 | D:4      | Found a stormy altar of Qazlal.
  4049 | D:4      | Noticed Duvessa
  4049 | D:4      | Noticed Dowan
  4308 | D:4      | Killed Duvessa
  4308 | D:4      | Reached skill level 5 in Long Blades
  4308 | D:4      | Reached skill level 1 in Slings
  4577 | D:4      | Found a staircase to the Ecumenical Temple.
  4658 | Temple   | Entered the Ecumenical Temple
  4887 | D:4      | Found a broken altar of Ashenzari.
  4910 | D:4      | Found a shimmering altar of Xom.
  5110 | D:4      | Found a white marble altar of Elyvilon.
  5165 | D:4      | Found a hazy altar of Hepliaklqana.
  5346 | D:4      | Killed Dowan
  5346 | D:4      | Reached skill level 5 in Fighting
  5346 | D:4      | Reached XP level 8. HP: 46/62 MP: 11/11
  5459 | D:5      | Entered Level 5 of the Dungeon
  5808 | D:5      | Reached skill level 5 in Invocations
  5881 | D:5      | Reached skill level 6 in Long Blades
  6228 | D:5      | Reached *** piety under Lugonu
  6228 | D:5      | Reached skill level 5 in Armour
  7415 | D:5      | Reached XP level 9. HP: 61/68 MP: 13/13
  7714 | D:5      | Noticed Blork the orc
  7727 | D:5      | Killed Blork the orc
  8278 | D:6      | Reached skill level 7 in Long Blades
  9564 | D:7      | Reached **** piety under Lugonu
  9608 | D:7      | Found a sand-covered staircase.
  9619 | Ossuary  | Entered an ossuary
 10262 | D:7      | Reached skill level 8 in Long Blades
 10274 | D:7      | Reached XP level 10. HP: 16/76 MP: 15/15
 11077 | D:8      | Reached skill level 5 in Slings
 11314 | D:8      | Found a staircase to the Lair.
 11338 | D:8      | Reached ***** piety under Lugonu
 11552 | D:8      | Found Rounor's Antique Weapon Emporium.
 12032 | D:8      | Found a basalt altar of Yredelemnul.
 12077 | D:8      | Found a runed translucent door.
 12079 | D:8      | Found a basalt altar of Yredelemnul.
 12508 | D:8      | Reached skill level 9 in Long Blades
 13072 | D:9      | Reached XP level 11. HP: 80/85 MP: 17/17
 14466 | D:10     | Entered Level 10 of the Dungeon
 14529 | D:10     | Reached skill level 10 in Long Blades
 15546 | D:8      | Bought a glowing great sword for 228 gold pieces
 15546 | D:8      | Bought a runed hunting sling for 108 gold pieces
 15609 | D:11     | Found a staircase to the Orcish Mines.
 15609 | D:11     | Noticed a two-headed ogre
 15639 | D:10     | Killed a two-headed ogre
 16777 | D:11     | Noticed a cyan ugly thing
 16828 | D:10     | Mangled by a cyan ugly thing

Illustrated notes

Levels and vault maps discovered:
D:1:      dpeg_arrival_tiny_k, layout_loops_ring, chequers_jeans, st_stairs_2
D:2:      layout_basic, serial_bayou_lagoon_a, chequers_serial_rivers_micro_a,
          serial_bayou_pond_b
D:3:      layout_rooms, chequers_ecumenical_altar_island, moated_statue,
          uniq_sigmund, uniq_robin
D:4:      layout_basic, nicolae_overflow_quartered_altars,
          minmay_temple_entry_mini_moons, nicolae_qazlal_general_emergency,
          uniq_duvessa
D:5:      layout_layer_cave, uniq_blork_the_orc
D:6:      layout_cave_pods, st_stairs_10
D:7:      layout_loops_ring, enter_ossuary_4
D:8:      layout_loops_ring, kennysheep_mini, lair_entry_dummy, serial_shops,
          nicolae_shop_crystal, dk_yredelemnul_ordeal
D:9:      layout_loops_corners
D:10:     layout_rooms
D:11:     layout_cross, grunt_decor_mini_mirrors
Temple:   minmay_crystal_spiral_temple

Skill      XL: |  1  2  3  4  5  6  7  8  9 10 11 |
---------------+----------------------------------+-----
Dodging        | 1 |  1.0
Long Blades    | 3 4 5 6 8 9 10 | 10.4
Invocations    | 3 4 5 6 8 |  8.8
Armour         | 3 4 5 6 7 8 |  8.2
Fighting       | 4 5 6 7 8 |  8.6
Slings         | 1 3 4 6 7 |  7.1

Action                   |  1- 3 |  4- 6 |  7- 9 | 10-12 || total
-------------------------+-------+-------+-------+-------++-------
Melee: Falchion          |    58 |   180 |   396 |   237 ||   871
       Short sword       |       |       |   260 |   436 ||   696
 Fire: Hunting sling     |       |       |   104 |    25 ||   129
Throw: Dart              |    18 |    13 |    20 |    10 ||    61
Invok: Depart the Abyss  |     1 |       |       |       ||     1
       Bend Space        |       |       |     2 |       ||     2
  Use: Scroll            |       |     1 |     6 |     9 ||    16
Armor: Leather armour    |    13 |       |       |       ||    13
       Chain mail        |    20 |    59 |       |       ||    79
       Plate armour      |       |   146 |   559 |   469 ||  1174
       Skin              |       |       |     2 |       ||     2
Dodge: Dodged            |    42 |    94 |   284 |   198 ||   618
       Rpst.: Falchion   |    11 |    25 |    53 |    20 ||   109

Table legend: (Time is in decaauts)
 A = Elapsed time spent in this place.
 B = Non-inter-level travel time spent in this place.
 C = Inter-level travel time spent in this place.
 D = Time resting spent in this place.
 E = Time spent auto-exploring this place.
 F = Levels seen in this place.
 G = Mean time per level.
                   A        B        C        D        E       F      G
               +--------+--------+--------+--------+--------+-----+--------+
         Total |  16752 |  16132 |    620 |   6200 |   6077 |  14 | 1196.6 |
       Dungeon |  16163 |  15627 |    536 |   6138 |   5850 |  11 | 1469.4 |
        Temple |    223 |    139 |     84 |     55 |     84 |   1 |  223.0 |
         Abyss |     39 |     39 |      0 |      0 |     31 |   1 |   39.0 |
       Ossuary |    326 |    326 |      0 |      7 |    112 |   1 |  326.0 |
               +--------+--------+--------+--------+--------+-----+--------+

Top non-repeatable levels by time:
     D:5: 2630 daAuts
    D:10: 1903 daAuts
     D:9: 1782 daAuts
     D:8: 1676 daAuts
     D:2: 1637 daAuts
     D:1: 1535 daAuts
     D:6: 1378 daAuts
     D:4: 1256 daAuts
     D:7: 1168 daAuts
     D:3: 930 daAuts
 Ossuary: 326 daAuts
    D:11: 261 daAuts
  Temple: 223 daAuts
 Abyss:1: 39 daAuts
